 Dungeon Crawl Stone Soup version 0.31-a0-1620-gcbf77bbcfc (webtiles) character file.

Game seed: 2634380389600474368

376 Flugslaktarn the Trooper (level 6, -1/57 HPs)
             Began as a Minotaur Fighter on Jan 11, 2024.
             Succumbed to a scorpion's poison
             ... in an ossuary.
             The game lasted 00:01:14 (2796 turns).

Flugslaktarn the Trooper (Minotaur Fighter)         Turns: 2796, Time: 00:01:14

Health: -1/57      AC:  9    Str: 21    XL:     6   Next: 44%
Magic:  5/5        EV:  9    Int: 13    God:
Gold:   126        SH:  4    Dex:  7    Spells: 5/5 levels left

rFire   . . .        a - +0 war axe
rCold   . . .        c - +0 buckler
rNeg    . . .        b - +0 scale mail
rPois   .            (helmet restricted)
rElec   .            (no cloak)
rCorr   .            (no gloves)
SInv    .            k - +0 pair of boots
Will    .....        (no amulet) Stlth
                     (no ring)
HPRegen 0.29/turn    (no ring)
MPRegen 0.09/turn

%: no passive effects
@: lethally poisoned (-1 -> -45)
A: horns 2, retaliatory headbutt, clever 2, shaggy fur 1, no potion heal 1
a: no special abilities


You were in an ossuary.
You visited 1 branch of the dungeon, and saw 4 of its levels.
You also visited: Ossuary.

You collected 126 gold pieces.

Inventory:

Hand Weapons
 a - a +0 war axe (weapon)
Armour
 b - a +0 scale mail (worn)
 c - a +0 buckler (worn)
 k - a +0 pair of boots (worn)
   (You found it on level 3 of the Dungeon)
Scrolls
 e - a scroll of silence {unknown}
 f - 2 scrolls of identify {unknown}
 g - a scroll of revelation {unknown}
 i - a scroll of noise {unknown}
 j - 3 scrolls of blinking {unknown}
 l - a scroll of fog {unknown}
 n - a scroll of vulnerability {unknown}
Potions
 d - a potion of might
 m - a potion of curing {unknown}


   Skills:
 * Level 5.9 Fighting
 * Level 5.2 Axes
 + Level 4.8 Armour
 + Level 4.7 Shields


You had 5 spell levels left.
You didn't know any spells.
Your spell library contained the following spells:

 Spells                   Type           Power      Damage    Failure   Level
 Shock                    Conj/Air       0%         1d3       69%         1
 Swiftness                Air            0%         N/A       96%         3
 Airstrike                Air            0%         2d(0-16)  100%        4


Dungeon Overview and Level Annotations

Branches:
Dungeon (4/15)            Ossuary (1/1)
 Temple: D:4-7

Altars:


Innate Abilities, Weirdness & Mutations

You have a pair of horns on your head.
You reflexively headbutt those who attack you in melee.
Your mind is very acute. (Int +8, Str/Dex -2)
You are covered in fur. (AC +1)
Potions are less effective at restoring your health.


Message History

You headbutt the adder zombie, but do no damage.
You hit the scorpion zombie.
The scorpion zombie is almost destroyed.
You slash the scorpion zombie! You slash the adder zombie!
The scorpion zombie hits you.
The adder zombie bites you but does no damage.
The scorpion zombie hits you. x2
The adder zombie bites you but does no damage.
The scorpion zombie hits you.
You slash the scorpion zombie!
You destroy the scorpion zombie!
You slash the scorpion zombie! You hit the adder zombie.
You destroy the adder zombie!
The scorpion zombie hits you but does no damage.
You block the kobold zombie's attack.
You completely miss the scorpion zombie.
You headbutt the scorpion zombie.
The scorpion zombie is almost destroyed.
You slash the kobold zombie!
The scorpion zombie completely misses you.
The kobold zombie barely misses you. You furiously retaliate!
You headbutt the kobold zombie!
You destroy the kobold zombie!
You hit the scorpion zombie but do no damage.
The scorpion zombie is almost destroyed.
The scorpion zombie misses you. You furiously retaliate!
You headbutt the scorpion zombie!
You destroy the scorpion zombie!
No target in view!
No target in view!
No target in view!
An adder zombie and a kobold zombie come into view.
There are monsters nearby! 2 scorpions come into view.
The adder zombie bites you but does no damage.
You hit the adder zombie.
The adder zombie is lightly damaged.
You hit the kobold zombie.
The adder zombie bites you but does no damage.
The kobold zombie hits you.
You closely miss the kobold zombie.
The kobold zombie is heavily damaged.
You slash the adder zombie! You barely miss the adder zombie.
You headbutt the adder zombie.
You destroy the adder zombie!
You barely miss the scorpion. You hit the scorpion.
The scorpion closely misses you. The scorpion stings you.
You barely miss the scorpion. You headbutt the scorpion.
The scorpion is heavily wounded.
You closely miss the scorpion. The scorpion stings you.
You are poisoned.
The scorpion poisons you!
The scorpion stings you but does no damage. x2
You barely miss the scorpion. Your headbutt misses the scorpion.
The scorpion is heavily wounded.
You hit the scorpion but do no damage. You hit the kobold zombie.
You destroy the kobold zombie!
You feel very sick.
The scorpion stings you but does no damage. x2
The scorpion stings you.
You are more poisoned.
The scorpion poisons you!
You barely miss the scorpion.
The scorpion is heavily wounded.
You hit the scorpion.
You feel very sick. The scorpion stings you.
You are more poisoned.
The scorpion poisons you! The scorpion stings you. x2
You hit the scorpion but do no damage.
The scorpion is heavily wounded.
You hit the scorpion.
You feel very sick.
The scorpion stings you but does no damage.
The scorpion stings you.
You are lethally poisoned!
The scorpion poisons you! The scorpion barely misses you.
You are too injured to fight recklessly!
There is a lethal amount of poison in your body!
You are too injured to fight recklessly!
There is a lethal amount of poison in your body!
You are too injured to fight recklessly!
You barely miss the scorpion. Your headbutt misses the scorpion.
The scorpion is lightly wounded.
You hit the scorpion but do no damage.
* * * LOW HITPOINT WARNING * * *
You feel extremely sick. The scorpion closely misses you.
You furiously retaliate!
You headbutt the scorpion! The scorpion stings you.
* * * LOW HITPOINT WARNING * * *
You are more poisoned.
The scorpion poisons you! The scorpion stings you.
* * * LOW HITPOINT WARNING * * *
You are more poisoned.
The scorpion poisons you!
It was a potion of mutation.
You feel extremely strange.
You feel clever. Fur sprouts all over your body.
Your system partially rejects the healing effects of potions.
You feel clever.
You die...

# # ##+## # #...#
## ##...## .# .....
## #...# # #...# ##
##.ss## .# #..@..#
## ##...## # #...#
## ##...## .#
#.....# ## ##...##
# ### ### ### #...#
###.###.###.####'##
#.............#.^.#


You could see 2 scorpions.

Vanquished Creatures
  A bombardier beetle (D:4)
  A human zombie (Ossuary)
  5 scorpion zombies (Ossuary)
  3 mummies (Ossuary)
  Robin (D:2)
  3 gnolls (D:4)
  An adder (D:2)
  3 adder zombies (Ossuary)
  2 ribbon worms (D:2)
  3 dart slugs
  6 endoplasms
  A giant cockroach (D:1)
  3 gnoll zombies (Ossuary)
  11 hobgoblins
  4 jackals (D:1)
  5 kobolds
  2 quokkas
  8 ball pythons
  7 bats
  4 frilled lizards (D:1)
  12 goblins
  5 kobold zombies (Ossuary)
  2 rats
93 creatures vanquished.

Notes
Turn   | Place    | Note
-------+----------+-------------------------------------------
     0 | D:1      | Flugslaktarn the Minotaur Fighter began the quest for the
                  | Orb.
     0 | D:1      | Reached XP level 1. HP: 19/19 MP: 0/0
    68 | D:1      | Reached XP level 2. HP: 23/27 MP: 1/1
   311 | D:1      | Reached XP level 3. HP: 33/33 MP: 2/2
  1158 | D:2      | Noticed Robin
  1171 | D:2      | Killed Robin
  1172 | D:2      | Reached XP level 4. HP: 29/41 MP: 3/3
  1723 | D:2      | Found a faded altar of an unknown god.
  2408 | D:4      | Reached skill level 5 in Fighting
  2408 | D:4      | Reached XP level 5. HP: 21/48 MP: 4/4
  2417 | D:4      | Found a sand-covered staircase.
  2425 | Ossuary  | Entered an ossuary
  2646 | Ossuary  | Reached XP level 6. HP: 31/56 MP: 5/5
  2648 | Ossuary  | Reached skill level 5 in Axes
  2796 | Ossuary  | Gained mutation: Your mind is acute. (Int +4, Str/Dex -1)
                  | [potion of mutation]
  2796 | Ossuary  | Gained mutation: You are covered in fur. (AC +1) [potion of
                  | mutation]
  2796 | Ossuary  | Gained mutation: Potions are less effective at restoring
                  | your health. [potion of mutation]
  2796 | Ossuary  | Gained mutation: Your mind is very acute. (Int +8, Str/Dex
                  | -2) [potion of mutation]
  2796 | Ossuary  | Succumbed to a scorpion's poison

Illustrated notes

Levels and vault maps discovered:
D:1:      minmay_arrival_glassed_features, layout_basic,
          chequers_serial_rivers_large_a, st_stairs_5, nrook_mini_backslash
D:2:      layout_loops_ring, shapermc_ecumenical_altar_mp_vishouse, uniq_robin
D:3:      layout_rooms
D:4:      layout_rooms, enter_ossuary_3, nicolae_underground_beach
Ossuary:  ossuary_minmay_chase

Skill      XL: |  1  2  3  4  5  6 |
---------------+-------------------+-----
Axes           | 3 4 5 |  5.2
Fighting       | 4 5 |  5.9
Shields        | 4 |  4.7
Armour         | 4 |  4.8

Action                     |  1- 3 |  4- 6 || total
---------------------------+-------+-------++-------
  Melee: War axe           |    96 |    88 ||   184
         Headbutt          |    15 |    20 ||    35
    Use: Potion            |       |     3 ||     3
 Armour: Scale mail        |    61 |    82 ||   143
  Dodge: Dodged            |    61 |    50 ||   111
  Block: Buckler           |    21 |    22 ||    43

Table legend: (Time is in decaauts)
 A = Elapsed time spent in this place.
 B = Non-inter-level travel time spent in this place.
 C = Inter-level travel time spent in this place.
 D = Time resting spent in this place.
 E = Time spent auto-exploring this place.
 F = Levels seen in this place.
 G = Mean time per level.
                   A        B        C        D        E       F      G
               +--------+--------+--------+--------+--------+-----+--------+
         Total |   2869 |   2786 |     83 |    265 |   2041 |   5 |  573.8 |
       Dungeon |   2483 |   2400 |     83 |     89 |   1936 |   4 |  620.8 |
       Ossuary |    385 |    385 |      0 |    176 |    105 |   1 |  385.0 |
               +--------+--------+--------+--------+--------+-----+--------+

Top non-repeatable levels by time:
     D:1: 918 daAuts
     D:2: 888 daAuts
     D:3: 639 daAuts
 Ossuary: 385 daAuts
     D:4: 37 daAuts
